 Dungeon Crawl Stone Soup version 0.29.1-12-g30fa7ad0bf (webtiles) character file.

Game seed: 383101628930764431

7805 mortz the Destroyer (level 11, -5/67 HPs)
             Began as a Kobold Conjurer on Dec 12, 2022.
             Was the Champion of Cheibriados.
             Shot with a sling bullet by Joseph (15 damage)
             ... on level 10 of the Dungeon.
             The game lasted 01:14:43 (14612 turns).

mortz the Destroyer (Kobold Conjurer)              Turns: 14612, Time: 01:14:44

Health: -5/67      AC:  9    Str: 18    XL:     11   Next: 44%
Magic:  21/30      EV: 15    Int: 38    God:    Cheibriados [******]
Gold:   547        SH:  6    Dex: 29    Spells: 10/24 levels left

rFire   . . .      SeeInvis .   Q - +2 long sword (freeze)
rCold   . . .      Faith    .   E - +0 buckler
rNeg    . . .      Spirit   .   U - +2 robe "Osegagy" {rElec Str-2 Stlth+}
rPois   .          Reflect  .   (no helmet)
rElec   +          Harm     .   e - +2 cloak
rCorr   .          Rampage  .   B - +1 pair of gloves {hurl}
Will    .....                   (no boots)
Stlth   +++++.....              (no amulet)
HPRegen 0.21/turn               L - ring of wizardry
MPRegen 0.22/turn               J - ring of magical power

@: very slow
A: small, no large weapons, nightstalker 3
a: Renounce Religion, Bend Time, Temporal Distortion, Slouch, Step From Time


You were on level 10 of the Dungeon.
You worshipped Cheibriados.
Cheibriados was exalted by your worship.
You visited 2 branches of the dungeon, and saw 11 of its levels.
You also visited: Sewer.

You collected 874 gold pieces.
You spent 327 gold pieces at shops.

Inventory:

Hand Weapons
 a - a +4 war axe
 F - a +2 short sword of venom
 O - a +3 flail of protection
 Q - a +2 long sword of freezing (weapon)
Missiles
 h - 8 boomerangs
 l - 30 poisoned darts
 o - 3 throwing nets
 V - 2 curare-tipped darts
Armour
 b - a +2 robe of fire resistance
 d - a +0 scale mail
 e - a +2 cloak (worn)
 n - a +0 ring mail
 t - an orb of wrath
 B - a +1 pair of gloves of hurling (worn)
 E - a +0 buckler (worn)
 U - the +2 robe "Osegagy" (worn) {rElec Str-2 Stlth+}
   (You found it on level 9 of the Dungeon)

   Str:       It affects your strength (-2).
   rElec:     It insulates you from electricity.
   Stlth:     It makes you more stealthy.
Magical Staves
 C - a staff of air
Jewellery
 J - a ring of magical power (right hand)
 L - a ring of wizardry (left hand)
 N - a ring of resist corrosion
 R - a +4 ring of slaying
Wands
 z - a wand of roots (30)
 M - a wand of flame (5)
 S - a wand of light (7)
Scrolls
 c - a scroll of enchant armour
 f - a scroll of amnesia
 i - 2 scrolls of fear {unknown}
 j - a scroll of magic mapping
 k - 8 scrolls of teleportation
 m - a scroll of torment
 q - a scroll of immolation
 v - 2 scrolls of fog
 w - a scroll of acquirement {unknown}
 y - a scroll of silence {unknown}
 D - 3 scrolls of enchant weapon
 H - a scroll of blinking
Potions
 g - 5 potions of curing
 p - 5 potions of lignification
 r - 5 potions of might
 s - 3 potions of flight
 u - 2 potions of heal wounds
 x - 3 potions of brilliance
 A - 2 potions of magic
 G - a potion of cancellation
 I - a potion of attraction
 K - a potion of resistance
 P - a potion of invisibility
 T - a potion of ambrosia


   Skills:
 + Level 7.1 Fighting
 - Level 2.4 Dodging
 - Level 2.6 Stealth
 + Level 7.0 Spellcasting
 * Level 10.4 Conjurations
 + Level 5.8 Hexes
 * Level 5.1 Translocations
 + Level 3.1 Fire Magic
 + Level 6.3 Invocations


You had 10 spell levels left.
You knew the following spells:

 Your Spells              Type           Power      Damage    Failure   Level
a - Magic Dart            Conj           100%       1d8       1%          1
b - Searing Ray           Conj           100%       2d8       1%          2
c - Dazzling Flash        Conj/Hex       100%       N/A       1%          3
I - Iskenderun's Mystic   Conj/Tloc      64%        2d13      1%          4
P - Fulminant Prism       Conj/Hex       33%        3d16      1%          4

Your spell library contained the following spells:

 Spells                   Type           Power      Damage    Failure   Level
 Scorch                   Fire           74%        2d9       1%          2
 Confusing Touch          Hex            55%        N/A       1%          3
 Inner Flame              Hex/Fire       47%        N/A       1%          3
 Cause Fear               Hex            27%        N/A       1%          4
 Flame Wave               Conj/Fire      60%        2d14      1%          4
 Frozen Ramparts          Ice            26%        1d4       5%          3
 Yara's Violent Unravell  Hex/Tmut       17%        3d8       14%         5
 Ice Form                 Ice/Tmut       13%        N/A       16%         4
 Summon Ice Beast         Ice/Summ       13%        N/A       16%         4
 Enfeeble                 Hex            27%        N/A       75%         7
 Summon Cactus Giant      Summ           6%         N/A       92%         6
 Discord                  Hex            27%        N/A       100%        8


Dungeon Overview and Level Annotations

Branches:
Dungeon (10/15) Zot: 39872  Temple (1/1) D:4 Zot: 8605    Lair (0/5) D:8
  Sewer (visited)
    Orc: D:9-12

Altars:
Ashenzari
Cheibriados
Dithmenos
Elyvilon
Fedhas
Gozag
Hepliaklqana
Kikubaaqudgha
Makhleb
Nemelex Xobeh
Okawaru
Qazlal
Ru
Sif Muna
Trog
Uskayaw
Vehumet
Wu Jian
Xom
Yredelemnul
Zin
The Shining One

Shops:
D:3 *   D:4 !   D:8 !

Annotations:
D:6 1 runed translucent door
D:10 Joseph


Innate Abilities, Weirdness & Mutations

You are small and have problems with some larger weapons.
You are completely attuned to the shadows.


Message History

Casting: Searing Ray (safe; 1% risk of failure)
Confirm with . or Enter, or press ? or * to list all spells.
Aiming: Searing Ray (safe; 1% risk of failure)
Press: ? - help, Shift-Dir - straight line, f - Joseph
Aim: Joseph, wielding a +1 vorpal quarterstaff and wearing a +0 leather armour (asleep, 100% to hit)
The searing ray hits Joseph!
Joseph is lightly wounded. (Press . to maintain the ray.) Joseph unwields a +1 vorpal quarterstaff.
Joseph wields a +0 sling.
Joseph shoots a sling bullet.
The sling bullet misses you.
The searing ray hits Joseph!
Joseph is moderately wounded.
The searing ray misses Joseph.
Joseph shoots a sling bullet.
The sling bullet hits you!
The searing ray hits Joseph!
Joseph is moderately wounded.
You finish channelling your searing ray.
Joseph shoots a sling bullet.
The sling bullet closely misses you.
Casting: Searing Ray (safe; 1% risk of failure)
Confirm with . or Enter, or press ? or * to list all spells.
Aiming: Searing Ray (safe; 1% risk of failure)
Press: ? - help, Shift-Dir - straight line, f/p - Joseph
Aim: Joseph, wielding a +0 sling and wearing a +0 leather armour (moderately wounded, 83% to hit)
The searing ray hits Joseph.
Joseph is heavily wounded. (Press . to maintain the ray.) Joseph shoots a sling bullet.
The sling bullet hits you!!
The searing ray hits Joseph!
Joseph is severely wounded.
Joseph shoots a sling bullet.
The searing ray hits Joseph but does no damage.
Joseph is severely wounded.
Joseph shoots a sling bullet.
The sling bullet hits you!!
* * * LOW HITPOINT WARNING * * *
The searing ray hits Joseph!
Joseph is severely wounded.
You finish channelling your searing ray.
Joseph shoots a sling bullet.
The sling bullet hits you!
You die...

....##### ........#
........# ........#
........# ..
........# .@.
........# ####+###..
.......## #..(....#
.<.....# #.....@.#
.......# #.......+
.......####.......#
...........###+####.
...........#........
...........#...<....
...........#...##...
#'#######+##...## +#
#.........#.....#


You could see Joseph.

Vanquished Creatures
  A two-headed ogre (D:9)
  Sonja (D:10)
  Pikel (D:8)
  2 trolls (D:9)
  Sigmund (D:4)
  6 yaks (D:10)
  3 steam dragons (D:9)
  A vampire mosquito (D:9)
  A water moccasin (Sewer)
  2 acid dragons (D:9)
  Duvessa (D:6)
  2 ice beasts (D:7)
  An orc warrior (D:8)
  A sky beast (D:7)
  2 centaurs
  2 wolves (D:7)
  A lemure (D:8)
  2 kobold brigands
  A phantom (D:7)
  2 necrophages
  Blork the orc (D:6)
  A gnoll sergeant (D:9)
  4 bullfrogs
  4 scorpions
  4 wights (D:8)
  Dowan (D:6)
  A killer bee (D:9)
  4 howler monkeys
  2 vampire bats (D:5)
  5 hounds
  2 jellies
  7 orc priests
  5 gnoll boudas
  Ijyb (D:4)
  8 iguanas
  12 orc wizards
  A killer bee simulacrum (D:9)
  6 adders
  27 gnolls
  7 white imps
  A dart slug (D:1)
  36 orcs
  13 bats
  6 endoplasms
  11 giant cockroaches
  9 goblins
  6 hobgoblins
  9 jackals
  6 quokkas
  8 ball pythons
  8 frilled lizards
  13 kobolds
  11 rats
274 creatures vanquished.

Vanquished Creatures (others)
  15 fungi
  5 toadstools (D:8)
20 creatures vanquished.

Grand Total: 294 creatures vanquished

Notes
Turn   | Place    | Note
-------+----------+-------------------------------------------
     0 | D:1      | mortz the Kobold Conjurer began the quest for the Orb.
     0 | D:1      | Reached XP level 1. HP: 10/10 MP: 3/3
   268 | D:1      | Reached XP level 2. HP: 13/16 MP: 1/5
   333 | D:1      | Learned a level 2 spell: Searing Ray
   566 | D:1      | Reached skill level 1 in Fighting
   673 | D:1      | Reached XP level 3. HP: 20/20 MP: 3/6
  1696 | D:2      | Reached XP level 4. HP: 25/25 MP: 2/8
  1867 | D:2      | You fall into a shaft and drop 2 floors!
  1867 | D:4      | Found Heobexud's Distillery.
  1871 | D:4      | Bought a potion of curing for 39 gold pieces
  1874 | D:5      | Entered Level 5 of the Dungeon
  1888 | D:5      | Noticed a scorpion
  1899 | D:5      | Killed a scorpion
  1900 | D:5      | Reached skill level 5 in Conjurations
  1900 | D:5      | Reached XP level 5. HP: 17/30 MP: 0/9
  2069 | D:5      | Found a snail-covered altar of Cheibriados.
  2074 | D:5      | Became a worshipper of Cheibriados the Contemplative
  2342 | D:3      | Found a shimmering altar of Xom.
  2466 | D:3      | Found a glowing drain.
  2475 | D:3      | Reached * piety under Cheibriados
  2477 | Sewer    | Entered a sewer
  2604 | Sewer    | Noticed a water moccasin
  2609 | Sewer    | Killed a water moccasin
  2610 | Sewer    | Reached XP level 6. HP: 36/36 MP: 2/11
  3737 | D:3      | Found Ukhlih's Assorted Antiques.
  3779 | D:3      | Bought a pair of glowing gloves for 180 gold pieces
  3931 | D:3      | Reached ** piety under Cheibriados
  3954 | D:3      | Reached skill level 6 in Conjurations
  4845 | D:4      | Reached skill level 1 in Hexes
  4845 | D:4      | Reached XP level 7. HP: 34/41 MP: 6/12
  4989 | D:4      | Found a glowing silver altar of Zin.
  5007 | D:4      | Found a staircase to the Ecumenical Temple.
  5017 | Temple   | Entered the Ecumenical Temple
  5191 | D:4      | Reached skill level 1 in Invocations
  5298 | D:4      | Noticed Sigmund
  5468 | D:4      | Killed Sigmund
  5631 | D:4      | Noticed Ijyb
  5635 | D:4      | Killed Ijyb
  5784 | D:4      | Found a sacrificial altar of Ru.
  5924 | D:4      | Reached XP level 8. HP: 48/48 MP: 9/14
  6019 | D:4      | Found a basalt altar of Yredelemnul.
  6066 | D:4      | Reached *** piety under Cheibriados
  6100 | D:4      | Found a radiant altar of Vehumet.
  6516 | D:5      | Reached skill level 7 in Conjurations
  6798 | D:5      | Found an iron altar of Okawaru.
  6865 | D:5      | Found a stormy altar of Qazlal.
  7531 | D:6      | Reached **** piety under Cheibriados
  7741 | D:6      | Noticed Duvessa
  7742 | D:6      | Reached skill level 5 in Spellcasting
  7742 | D:6      | Reached XP level 9. HP: 44/52 MP: 11/16
  7749 | D:6      | Noticed Dowan
  7755 | D:6      | Killed Duvessa
  7755 | D:6      | Killed Dowan
  7756 | D:6      | Reached skill level 8 in Conjurations
  7940 | D:6      | Reached skill level 5 in Fighting
  8367 | D:6      | Found a blossoming altar of Fedhas.
  8644 | D:6      | Found a runed translucent door.
  8676 | D:6      | Noticed Blork the orc
  8680 | D:6      | Killed Blork the orc
  8999 | D:7      | Reached ***** piety under Cheibriados
  9270 | D:7      | Found a bloodstained altar of Trog.
  9519 | D:7      | Found a shadowy altar of Dithmenos.
 10052 | D:7      | Reached skill level 9 in Conjurations
 10105 | D:7      | Learned a level 4 spell: Iskenderun's Mystic Blast
 10154 | D:7      | Reached XP level 10. HP: 57/60 MP: 12/18
 10287 | D:7      | Found a shimmering blue altar of Sif Muna.
 10313 | D:7      | Reached skill level 1 in Translocations
 10514 | D:7      | Learned a level 3 spell: Dazzling Flash
 10519 | D:7      | Learned a level 4 spell: Fulminant Prism
 10637 | D:7      | Found a hide-covered altar of Uskayaw.
 10925 | D:8      | Found Puhep's Distillery.
 10928 | D:8      | Bought a potion of degeneration for 12 gold pieces
 10928 | D:8      | Bought a potion of invisibility for 96 gold pieces
 11152 | D:8      | Reached skill level 5 in Invocations
 11686 | D:8      | Found a staircase to the Lair.
 12516 | D:8      | Noticed Pikel
 12523 | D:8      | Killed Pikel
 12524 | D:8      | Reached skill level 5 in Hexes
 12524 | D:8      | Reached skill level 1 in Fire Magic
 12582 | D:8      | Found a glowing golden altar of the Shining One.
 13180 | D:9      | Noticed a two-headed ogre
 13187 | D:9      | Killed a two-headed ogre
 13285 | D:9      | Reached skill level 10 in Conjurations
 13285 | D:9      | Reached XP level 11. HP: 66/66 MP: 19/20
 13287 | D:9      | Reached ****** piety under Cheibriados
 13459 | D:9      | Identified the +2 robe "Osegagy" {rElec Str-2 Stlth+}
 14155 | D:10     | Entered Level 10 of the Dungeon
 14477 | D:10     | Noticed Sonja
 14481 | D:10     | Killed Sonja
 14482 | D:10     | Reached skill level 5 in Translocations
 14604 | D:10     | Noticed Joseph
 14612 | D:10     | Shot with a sling bullet by Joseph

Illustrated notes

Levels and vault maps discovered:
D:1:      dpeg_arrival_three_same_balls, layout_loops_ring
D:2:      layout_basic, nicolae_elevator_lobby_plus
D:3:      layout_basic, mainiacjoe_overflow_cross_hatched, serial_shops,
          nicolae_square_shop, gup_sewer_entry_pipe, grunt_ministairs_8,
          minmay_pentangle
D:4:      layout_loops_ring, lemuel_coloured_pillars_altar,
          mainiacjoe_overflow_catwalk_spiral,
          mainiacjoe_overflow_six_doors_small, minmay_temple_entry_glass,
          serial_shops, nicolae_take_the_stairs, uniq_sigmund, uniq_ijyb
D:5:      layout_cave_pools, cheibriados_altar_1, grunt_qazlal_clouds,
          okawaru_ov_weapons_minmay, roderic_batcave
D:6:      layout_loops_ring, lemuel_doored_altar, ebering_ghost_reflecting_pool,
          uniq_duvessa, uniq_blork_the_orc
D:7:      layout_cave_pools, nicolae_overflow_crystal_walls,
          grunt_dithmenos_smoke_and_mirrors, mainiacjoe_overflow_brackets,
          lemuel_blue_sif_altar, serial_gnoll_camp, gnoll_camp_mini_hut,
          gnoll_camp_mini_hut, gnoll_camp_mini_doghouse, gnoll_camp_mini_house,
          gnoll_camp_mini_loothouse, minmay_misc_feat_hallway,
          amcnicky_mini_pool_small
D:8:      layout_basic, nicolae_tso_swordbearing_angel, lair_entry_dummy,
          serial_shops, nicolae_stop_n_shop_2, minmay_gold_behind_fungi,
          uniq_pikel
D:9:      layout_cave_pools, hangedman_minor_gate_pass
D:10:     layout_gridville, uniq_sonja, uniq_maurice, uniq_joseph
Temple:   hellmonk_temple_flake

Skill      XL: |  1  2  3  4  5  6  7  8  9 10 11 |
---------------+----------------------------------+-----
Fighting       | 1 2 3 4 5 6 7 |  7.1
Spellcasting   | 3 4 5 6 7 |  7.0
Conjurations   | 5 6 7 9 10 | 10.4
Hexes          | 1 2 3 4 5 |  5.8
Invocations    | 1 3 4 5 6 |  6.3
Translocations | 4 5 |  5.1
Fire Magic     | 2 3 |  3.1
Dodging        | |  2.4
Stealth        | |  2.6

Action                   |  1- 3 |  4- 6 |  7- 9 | 10-12 || total
-------------------------+-------+-------+-------+-------++-------
Melee: Long sword        |    12 |     6 |       |       ||    18
       Punch             |     1 |       |       |       ||     1
       Short sword       |       |       |     2 |       ||     2
       War axe           |       |       |     1 |     8 ||     9
 Cast: Magic Dart        |    60 |    65 |    28 |     6 ||   159
       Searing Ray       |     1 |    14 |    90 |    70 ||   175
       Iskenderun's Myst |       |       |       |     2 ||     2
  Use: Scroll            |     1 |     8 |     5 |     6 ||    20
 Stab: Sleeping          |     2 |       |       |       ||     2
Armor: Robe              |     6 |       |       |     2 ||     8
       Leather armour    |     1 |     3 |       |       ||     4
       Ring mail         |       |     5 |     3 |       ||     8
       Scale mail        |       |       |    55 |    30 ||    85
Dodge: Dodged            |    12 |    28 |    60 |    56 ||   156
Block: Buckler           |       |     1 |    41 |    26 ||    68
